 Dungeon Crawl Stone Soup version 0.18.1-48-g4cf74bf (webtiles) character file.

197 Slippy the Covert (level 5, -2/40 HPs)
             Began as a Vampire Assassin on July 21, 2016.
             Slain by Puuhinen's ghost (3 damage)
             ... on level 3 of the Dungeon.
             The game lasted 00:11:53 (2901 turns).

Slippy the Covert (Vampire Assassin)                Turns: 2901, Time: 00:11:54

Health: -2/40      AC:  3    Str: 10    XL:     5   Next: 46%
Magic:  5/5        EV:  7    Int: 13    God:
Gold:   78         SH:  0    Dex: 17    Spells: 0 memorised, 4 levels left

rFire  . . .     SeeInvis +     c - +2 short sword (drain)
rCold  + + .     Gourm    .     h - +0 robe
rNeg   + + +     Faith    .     (no shield)
rPois  ∞         Spirit   .     (no helmet)
rElec  .         Dismiss  .     d - +0 cloak
rCorr  .         Reflect  .     (no gloves)
SustAt .         Harm     .     (no boots)
MR     .....                    (no amulet)
Stlth  +++++.....               (no ring)
                                (no ring)

@: bloodless, non-regenerating, not resistant to hostile enchantments, quite
stealthy
A: fangs 3, see invisible, unbreathing
a: Bat Form


You were on level 3 of the Dungeon.
You were bloodless.

You visited 1 branch of the dungeon, and saw 3 of its levels.

You collected 78 gold pieces.

Inventory:

Hand Weapons
 a - a +2 dagger
 b - a +0 blowgun
 c - a +2 short sword of draining (weapon)
Missiles
 e - 8 poisoned needles
 f - 2 curare-tipped needles
Armour
 d - a +0 cloak (worn)
 h - a +0 robe (worn)
Scrolls
 g - a scroll of immolation {unknown}
 j - 4 scrolls of remove curse
 k - 2 scrolls of fear
 l - a scroll of random uselessness {unknown}
 m - 2 scrolls of magic mapping {unknown}
 p - 2 scrolls of noise {unknown}
 q - a scroll of teleportation {unknown}
 r - a scroll of amnesia {unknown}
 u - a scroll of enchant armour {unknown}
Potions
 i - a potion of curing
 n - 3 potions of lignification
 s - a potion of might
 t - a potion of heal wounds


   Skills:
 + Level 2.9 Fighting
 * Level 4.0 Short Blades
 - Level 1.5 Throwing
 - Level 1.1 Dodging
 * Level 8.1 Stealth


You had 4 spell levels left.
You didn't know any spells.

Dungeon Overview and Level Annotations

Branches:
Dungeon (3/15)

Altars:

Annotations:
D:3 Puuhinen's ghost, weakling DrBe


Innate Abilities, Weirdness & Mutations

You do not heal naturally.
You are immune to poison.
You have razor-sharp teeth.
You have supernaturally acute eyesight.
You can survive without breathing.


Message History

Puuhinen's ghost closely misses you.
You hit Puuhinen's ghost. Your bite misses Puuhinen's ghost.
Puuhinen's ghost is lightly damaged.
The hobgoblin barely misses you. Puuhinen's ghost misses you.
You hit Puuhinen's ghost. Your bite misses Puuhinen's ghost.
Puuhinen's ghost is lightly damaged.
The hobgoblin misses you. Puuhinen's ghost hits you!
You hit Puuhinen's ghost.
Puuhinen's ghost is lightly damaged.
The hobgoblin barely misses you. Puuhinen's ghost hits you.
You barely miss Puuhinen's ghost.
Puuhinen's ghost is lightly damaged.
The hobgoblin hits you. Puuhinen's ghost hits you.
* * * LOW HITPOINT WARNING * * *
You closely miss Puuhinen's ghost.
Puuhinen's ghost is lightly damaged.
The hobgoblin misses you. Puuhinen's ghost hits you!
* * * LOW HITPOINT WARNING * * *
The hobgoblin barely misses you. Puuhinen's ghost hits you.
You die...

#... ###
#..$.
..##..?..
#.#......
##..!.....
.........
#g)....#
#@#
......W.#
#.##.....
#.=...#
.......#
.##.....#
# #......
###....


You could see Puuhinen's ghost and a hobgoblin.

Vanquished Creatures
  Terence (D:2)
  Natasha (twice) (D:2)
  A gnoll (D:1)
  3 adders (D:2)
  2 worms (D:2)
  3 dart slugs
  2 giant geckos (D:2)
  7 bats
  3 giant cockroaches
  5 goblins
  10 hobgoblins
  6 jackals (D:1)
  A quokka (D:2)
  2 giant newts (D:1)
  6 kobolds
  7 rats
61 creatures vanquished.

Vanquished Creatures (others)
  Natasha (D:2)
1 creature vanquished.

Grand Total: 62 creatures vanquished

Notes
Turn   | Place    | Note
--------------------------------------------------------------
     0 | D:1      | Slippy the Vampire Assassin began the quest for the Orb.
     0 | D:1      | Reached XP level 1. HP: 16/16 MP: 1/1
    28 | D:1      | Reached skill level 6 in Stealth
   140 | D:1      | Reached XP level 2. HP: 22/22 MP: 2/2
   402 | D:1      | Reached XP level 3. HP: 13/27 MP: 3/3
  1069 | D:2      | Reached skill level 7 in Stealth
  1161 | D:2      | Reached XP level 4. HP: 26/34 MP: 4/4
  1463 | D:2      | Noticed Terence
  1477 | D:2      | Killed Terence
  1841 | D:2      | Noticed Natasha
  1849 | D:2      | Killed Natasha
  1960 | D:2      | Noticed Natasha
  1973 | D:2      | Killed Natasha
  1973 | D:2      | Reached XP level 5. HP: 28/40 MP: 5/5
  2161 | D:2      | Noticed Natasha
  2173 | D:2      | Killed Natasha
  2173 | D:2      | Reached skill level 8 in Stealth
  2566 | D:3      | Noticed Puuhinen's ghost (weakling DrBe)
  2900 | D:3      | HP: 1/40 [Puuhinen's ghost (8)]
  2901 | D:3      | Slain by Puuhinen's ghost

Skill      XL: |  1  2  3  4  5 |
---------------+----------------+-----
Stealth        | 6 7 8 |  8.1
Fighting       | 2 |  2.9
Short Blades   | 3 4 |  4.0
Throwing       | |  1.5
Dodging        | |  1.1

Action                   |  1- 3 |  4- 6 || total
-------------------------+-------+-------++-------
Melee: Dagger            |    41 |    32 ||    73
       Bite              |     6 |     6 ||    12
       Short sword       |    58 |    39 ||    97
  Use: Scroll            |       |     6 ||     6
 Stab: Sleeping          |    10 |     7 ||    17
       Distracted        |       |     2 ||     2
Armor: Robe              |    22 |    14 ||    36
Dodge: Dodged            |    60 |    58 ||   118
